 Dungeon Crawl Stone Soup version 0.29.1-1-gd02db6906a (webtiles) character file.

Game seed: 15407078548703831689

15317 masschaos23 the Brawler (level 12, -10/132 HPs)
             Began as a Troll Chaos Knight on Sept 16, 2022.
             Was a Plaything of Xom.
             Mangled by a cacodemon (12 damage)
             ... on level 1 of the Abyss.
             The game lasted 00:36:53 (7559 turns).

masschaos23 the Brawler (Troll Chaos Knight)        Turns: 7559, Time: 00:36:55

Health: -10/132    AC: 30    Str: 21    XL:     12   Next: 0%
Magic:  11/11      EV:  1    Int: 10    God:    Xom [..*...]
Gold:   782        SH:  0    Dex:  9    Spells: 11/11 levels left

rFire   . . .      SeeInvis .     - Unarmed
rCold   . . .      Faith    +   L - orb {mayhem}
rNeg    . . .      Spirit   .   (body armour currently unavailable)
rPois   +          Reflect  .   (helmet currently unavailable)
rElec   .          Harm     .   (cloak currently unavailable)
rCorr   .          Rampage  .   (gloves unavailable)
Will    .....      Clarity  +   (boots unavailable)
Stlth   +......... NoTele   +   G - amulet of faith
HPRegen 1.12/turn               q - +4 ring of protection
MPRegen 0.12/turn               t - ring of poison resistance

@: mighty, tree-form
A: stationary, stasis, torment immunity, boosted hp, large, unfitting armour,
(claws 3), regeneration 1, (shaggy fur 1), (tough skin 1), (horns 1),
(iridescent scales 3), clarity, clumsy 1, (deformed body), frail 2, weak 1
a: Renounce Religion


You were on level 1 of the Abyss.
You worshipped Xom.
You were a toy of Xom.
You were a tree.
You visited 2 branches of the dungeon, and saw 11 of its levels.
You visited the Abyss 1 time.

You collected 782 gold pieces.

Inventory:

Hand Weapons
 j - a +2 falchion of protection
 H - the +3 war axe of Sunlight {vamp, SInv}
   (You found it on level 5 of the Dungeon)

   It occasionally heals its wielder for a portion of the damage dealt when it
   wounds a living foe.
   SInv:      It lets you see invisible.
Missiles
 y - 5 javelins
 C - a throwing net
 F - 2 silver javelins
 I - 10 poisoned darts
Armour
 a - a +2 robe (melded)
 K - a scarf of resistance (melded)
 L - an orb of mayhem (worn)
 M - a +2 hat (melded)
Magical Staves
 z - a staff of cold
Jewellery
 g - a ring of wizardry
 p - a ring of magical power
 q - a +4 ring of protection (left branch)
 t - a ring of poison resistance (right branch)
 v - an amulet of guardian spirit
 G - an amulet of faith (around neck)
 N - a ring of protection from cold
 O - a +4 ring of evasion
Wands
 l - a wand of paralysis (14)
 A - a wand of iceblast (26)
 R - a wand of flame (3) (quivered)
Scrolls
 e - 2 scrolls of brand weapon
 f - 2 scrolls of amnesia
 h - 3 scrolls of enchant weapon
 n - 2 scrolls of immolation
 r - a scroll of torment
 x - 2 scrolls of fog
 B - a scroll of vulnerability
 D - a scroll of enchant armour
 E - 3 scrolls of teleportation
 J - a scroll of poison
 S - a scroll of noise
Potions
 c - 3 potions of flight
 d - 4 potions of brilliance
 i - 3 potions of mutation
 k - 3 potions of degeneration
 o - a potion of magic
 s - 3 potions of curing
 w - 2 potions of ambrosia
 T - a potion of resistance
Miscellaneous
 b - a piece from Xom's chessboard (15/15)


   Skills:
 + Level 5.4 Fighting
 + Level 9.2 Dodging
 + Level 15.1 Unarmed Combat
 + Level 2.8 Evocations


You had 11 spell levels left.
You didn't know any spells.
Your spell library contained the following spells:

 Spells                   Type           Power      Damage    Failure   Level
 Magic Dart               Conj           0%         1d3       36%         1
 Sting                    Tmut/Pois      0%         1d3       36%         1
 Poisonous Vapours        Pois/Air       0%         N/A       50%         2
 Searing Ray              Conj           0%         2d4       50%         2
 Call Canine Familiar     Summ           0%         N/A       75%         3
 Ignite Poison            Fire/Tmut/Pois 0%         N/A       75%         3
 Mephitic Cloud           Conj/Pois/Air  0%         N/A       75%         3
 Portal Projectile        Hex/Tloc       0%         N/A       75%         3
 Stone Arrow              Conj/Erth      0%         3d7       75%         3
 Animate Armour           Summ/Erth      0%         N/A       98%         4
 Fulminant Prism          Conj/Hex       0%         3d6       98%         4
 Hailstorm                Conj/Ice       0%         3d3       98%         4
 Ice Form                 Ice/Tmut       0%         N/A       98%         4
 Leda's Liquefaction      Hex/Erth       0%         N/A       98%         4
 Olgreb's Toxic Radiance  Pois           0%         N/A       98%         4
 Freezing Cloud           Conj/Ice/Air   0%         6-21      100%        5
 Simulacrum               Ice/Necr       0%         N/A       100%        6
 Lehudib's Crystal Spear  Conj/Erth      0%         10d2      100%        8


Dungeon Overview and Level Annotations

Branches:
Dungeon (8/15)             Temple (0/1) D:6            Lair (3/5) D:8
  Swamp: Lair:2-3    Shoals: Lair:2-3     Snake: Lair:2-3    Spider: Lair:2-3

Altars:
Fedhas
Xom

Portals:
Abyss: Lair:3

Annotations:
Lair:3 1 transporter, Dikli's ghost, journeyman MiBe


Innate Abilities, Weirdness & Mutations

You are a tree.
Your roots penetrate the ground, keeping you stationary.
You cannot be teleported.
You are immune to unholy pain and torment.
Your maximum health is greatly increased.
Your equipment is partially melded.
You are too large for most types of armour.
((You have claws for hands.))
Your natural rate of healing is unusually fast.
((You are covered in fur. (AC +1)))
((You have tough skin. (AC +1)))
((You have a pair of small horns on your head.))
((You are completely covered in iridescent scales. (AC +6)))
You possess an exceptional clarity of mind.
You are clumsy. (Dex -2)
((Armour fits poorly on your strangely shaped body.))
You are very frail. (-20% HP)
You are weak. (Str -2)


Message History

You feel hot and cold all over.
Your roots penetrate the ground.
You hear Xom's avuncular chuckle.
The sixfirhy is moving more slowly.
The rakshasa hits you with a +0 whip!
The cacodemon hits you but does no damage.
The cacodemon hits you.
You pummel the cacodemon!!
The cacodemon is severely wounded.
The cacodemon gestures at you. The bolt of energy hits you!
Xom thinks this is hilarious!
The rakshasa hits you but does no damage.
You hit the cacodemon.
The cacodemon is severely wounded.
The sixfirhy hits you.
* * * LOW HITPOINT WARNING * * *
The sixfirhy shocks you!
* * * LOW HITPOINT WARNING * * *
The sixfirhy hits you but does no damage.
You feel better.
The sixfirhy hits you but does no damage. x2
The sixfirhy hits you.
* * * LOW HITPOINT WARNING * * *
The sixfirhy shocks you!
* * * LOW HITPOINT WARNING * * *
The cacodemon gestures at you.
Strange energies course through your body.
You feel clumsy.
The rakshasa hits you but does no damage.
The sixfirhy hits you!
* * * LOW HITPOINT WARNING * * *
The sixfirhy shocks you!
* * * LOW HITPOINT WARNING * * *
You pummel the cacodemon!!
The cacodemon is almost dead.
The sixfirhy hits you but does no damage.
The rakshasa gestures at you.
The lance of force hits you but does no damage.
The cacodemon hits you!
You die...
Xom roars with laughter!

# ##### ##
.# # .#
.###.##.#
#.##
..#....#
.#.#
#.....# #
###.#..#
#. ###
#..R.# #.
#.. #2♣#
#.#..3#3.#
.
#.##.#.##
.. 3 #..##
# .. .
.##.# ...#
# .# #.#.
# # #. .#.


You could see a cacodemon, a rakshasa and 2 sixfirhies.

Vanquished Creatures
  A tentacled starspawn (Abyss:1)
  A hydra (Lair:1)
  A sixfirhy (Abyss:1)
  5 cane toads
  A rime drake (Lair:3)
  4 komodo dragons
  A polar bear (Lair:1)
  Grinder (D:4)
  10 blink frogs (Lair:1)
  A raiju (Abyss:1)
  A wyvern (Lair:3)
  13 yaks
  2 steam dragons
  A fire elemental (Lair:1)
  An acid dragon (D:8)
  8 water moccasins
  4 ice beasts
  A boggart (D:8)
  3 wolves (Lair:1)
  A centaur (D:8)
  2 phantoms
  A kobold brigand (D:7)
  11 bullfrogs
  5 necrophages
  A scorpion (D:6)
  7 killer bees
  4 orc priests
  3 jellies
  2 gnoll boudas
  4 hounds
  3 iguanas
  3 orc wizards
  8 gnolls
  12 adders
  A shadow imp (D:7)
  3 white imps
  An ufetubus (D:6)
  A worm (D:5)
  4 dart slugs
  14 orcs
  8 ball pythons
  12 endoplasms
  3 giant cockroaches
  5 goblins
  10 hobgoblins
  3 jackals (D:1)
  2 quokkas
  9 bats
  3 frilled lizards (D:1)
  19 kobolds
  5 rats
230 creatures vanquished.

Vanquished Creatures (collateral kills)
  A satyr (Lair:3)
  A yak (Lair:1)
  A wyvern (Lair:3)
  Edmund (D:4)
  2 wolves (Lair:1)
  2 killer bees (D:8)
  An electric eel (Lair:3)
  An orc (D:8)
10 creatures vanquished.

Vanquished Creatures (others)
  A blink frog (Lair:1)
  3 yaks
  2 orcs (D:3)
  A goblin (D:3)
  56 fungi
  44 plants
  2 starspawn tentacles (Abyss:1)
  11 toadstools
120 creatures vanquished.

Grand Total: 360 creatures vanquished

Notes
Turn   | Place    | Note
-------+----------+-------------------------------------------
     0 | D:1      | masschaos23 the Troll Chaos Knight began the quest for the
                  | Orb.
     0 | D:1      | Reached XP level 1. HP: 22/22 MP: 0/0
    85 | D:1      | Reached XP level 2. HP: 29/29 MP: 1/1
   234 | D:1      | XOM: silly message
   311 | D:1      | You fall into a shaft and drop 1 floor!
   391 | D:2      | XOM: divination: magic mapping
   399 | D:2      | Reached XP level 3. HP: 33/36 MP: 2/2
   440 | D:2      | XOM: divination: detect creatures
   735 | D:2      | XOM: divination: detect items
   751 | D:2      | Found a blossoming altar of Fedhas.
  1130 | D:2      | XOM: silly message
  1291 | D:2      | Reached skill level 4 in Unarmed Combat
  1320 | D:2      | Reached XP level 4. HP: 41/45 MP: 3/3
  1425 | D:2      | XOM is BORED!
  1425 | D:2      | XOM: noise
  1717 | D:1      | XOM: divination: detect items
  2012 | D:3      | XOM: destruction
  2026 | D:3      | XOM: give mutations
  2026 | D:3      | Gained mutation: You have a pair of small horns on your
                  | head. [Xom's grace]
  2026 | D:3      | Gained mutation: You are partially covered in iridescent
                  | scales. (AC +2) [Xom's grace]
  2105 | D:3      | XOM is BORED!
  2290 | D:3      | Reached XP level 5. HP: 53/53 MP: 4/4
  2384 | D:4      | Reached skill level 5 in Unarmed Combat
  2395 | D:4      | Noticed an ice beast
  2400 | D:4      | XOM: confuse monster(s)
  2403 | D:4      | Killed an ice beast
  2404 | D:4      | Reached XP level 6. HP: 61/61 MP: 5/5
  2426 | D:4      | Noticed Grinder
  2428 | D:4      | XOM: summons friendly shadow imp
  2430 | D:4      | Paralysed by Grinder for 3 turns
  2438 | D:4      | Killed Grinder
  2439 | D:4      | Reached skill level 6 in Unarmed Combat
  2439 | D:4      | Reached skill level 1 in Evocations
  2439 | D:4      | Reached XP level 7. HP: 63/67 MP: 6/6
  2486 | D:4      | Noticed Edmund
  2498 | D:4      | Killed Edmund
  2544 | D:4      | Reached skill level 7 in Unarmed Combat
  2825 | D:4      | Reached XP level 8. HP: 52/76 MP: 3/7
  3036 | D:4      | XOM: give mutations
  3036 | D:4      | Gained mutation: You are frail. (-10% HP) [Xom's mischief]
  3036 | D:4      | Gained mutation: You are mostly covered in iridescent
                  | scales. (AC +4) [Xom's mischief]
  3104 | D:5      | Entered Level 5 of the Dungeon
  3238 | D:5      | XOM: divination: detect items
  3244 | D:5      | Reached skill level 8 in Unarmed Combat
  3251 | D:5      | XOM: polymorph worm -> ice beast
  3322 | D:5      | XOM: 1-stop teleportation journey
  3335 | D:5      | Identified the +3 war axe of Sunlight {vamp, SInv}
  4038 | D:6      | Reached skill level 9 in Unarmed Combat
  4044 | D:6      | XOM: noise
  4124 | D:6      | XOM: silly message
  4161 | D:6      | XOM: confusion (+ monsters)
  4172 | D:6      | Reached skill level 10 in Unarmed Combat
  4172 | D:6      | Reached XP level 9. HP: 75/75 MP: 8/8
  4265 | D:6      | Found a staircase to the Ecumenical Temple.
  4408 | D:6      | XOM: stat loss: -1 Dex (10/11)
  4474 | D:6      | XOM: scenery: summon butterflies
  4604 | D:7      | Reached skill level 5 in Dodging
  4753 | D:7      | XOM: god gift: potion of heal wounds
  4828 | D:7      | XOM: 4-stop teleportation journey
  5176 | D:8      | XOM: god gift: +2 hat
  5186 | D:8      | XOM: summons 1 hostile demon
  5188 | D:8      | Found a staircase to the Lair.
  5188 | D:8      | XOM: 1-stop teleportation journey
  5195 | D:8      | XOM: polymorph water moccasin -> boggart
  5197 | D:8      | Noticed a komodo dragon
  5197 | D:8      | XOM: swap monsters
  5201 | D:8      | XOM: summons 2 friendly demons
  5210 | D:8      | Killed a komodo dragon
  5211 | D:8      | Reached skill level 11 in Unarmed Combat
  5411 | D:8      | XOM: enchant monster (bad)
  5413 | D:8      | XOM: summons friendly crimson imp
  5417 | D:8      | Reached XP level 10. HP: 83/83 MP: 9/9
  5447 | D:8      | XOM: smoke on damage
  5665 | Lair:1   | Entered Level 1 of the Lair of Beasts
  5666 | Lair:1   | XOM: summons friendly white imp
  5671 | Lair:1   | XOM: summons friendly ufetubus
  5680 | Lair:1   | Reached skill level 12 in Unarmed Combat
  5699 | Lair:1   | HP: 2/84 [blink frog (21)]
  5826 | Lair:1   | Noticed an eight-headed hydra
  5841 | Lair:1   | Killed a 13-headed hydra
  5904 | Lair:1   | XOM: scenery: create altars
  5921 | Lair:1   | XOM: blink monster(s)
  5932 | Lair:1   | XOM: summons 10 friendly demons
  5935 | Lair:1   | Reached skill level 13 in Unarmed Combat
  5940 | Lair:1   | Reached XP level 11. HP: 41/90 MP: 10/10
  5953 | Lair:1   | XOM: enchant monster (good)
  5978 | Lair:1   | Reached skill level 5 in Fighting
  6000 | Lair:1   | XOM: 2-stop teleportation journey
  6006 | Lair:1   | XOM: divination: detect creatures
  6007 | Lair:1   | XOM: divination: magic mapping
  6012 | Lair:1   | HP: 4/91 [yak (16)]
  6094 | Lair:1   | XOM: smoke on damage
  6652 | Lair:2   | XOM: noise
  6687 | Lair:2   | You fall into a shaft and drop 1 floor!
  6728 | Lair:3   | XOM: summons friendly quasit
  6737 | Lair:3   | Reached skill level 14 in Unarmed Combat
  6801 | Lair:3   | Noticed a thrashing horror
  6802 | Lair:3   | Noticed Dikli's ghost (journeyman MiBe)
  6803 | Lair:3   | Noticed a white ugly thing
  6805 | Lair:3   | Found a one-way gate to the infinite horrors of the Abyss.
  6808 | Lair:3   | Found a transporter.
  6834 | Lair:3   | XOM: enchant monster (bad)
  6876 | Lair:3   | Noticed a seven-headed hydra
  6876 | Lair:3   | Noticed a satyr
  6876 | Lair:3   | a seven-headed hydra changed into a satyr
  6876 | Lair:3   | XOM: polymorph seven-headed hydra -> satyr
  6883 | Lair:3   | XOM: summons friendly white imp
  6890 | Lair:3   | Killed a satyr
  6959 | Lair:3   | XOM: confuse monster(s)
  7023 | Lair:3   | Found a transporter.
  7032 | Lair:3   | XOM: 5-stop teleportation journey
  7071 | Lair:3   | XOM: confuse monster(s)
  7226 | Lair:3   | XOM: summons 4 hostile demons
  7268 | Lair:3   | XOM: give mutations
  7268 | Lair:3   | Gained mutation: Armour fits poorly on your strangely
                  | shaped body. [Xom's mischief]
  7268 | Lair:3   | Gained mutation: You are completely covered in iridescent
                  | scales. (AC +6) [Xom's mischief]
  7268 | Lair:3   | Gained mutation: You are very frail. (-20% HP) [Xom's
                  | mischief]
  7268 | Lair:3   | Gained mutation: You possess an exceptional clarity of
                  | mind. [Xom's mischief]
  7305 | Lair:3   | XOM: give mutation
  7305 | Lair:3   | Gained mutation: You are weak. (Str -2) [Xom's mischief]
  7379 | Lair:3   | XOM: divination: magic mapping
  7407 | Lair:3   | XOM: scenery: summon butterflies
  7410 | Abyss:1  | Cast into level 1 of the Abyss (spriggan)
  7422 | Abyss:1  | Noticed a tentacled starspawn
  7433 | Abyss:1  | Killed a tentacled starspawn
  7457 | Abyss:1  | Noticed a starcursed mass
  7537 | Abyss:1  | Noticed a sixfirhy
  7537 | Abyss:1  | Noticed a rakshasa
  7544 | Abyss:1  | Killed a sixfirhy
  7545 | Abyss:1  | Reached skill level 15 in Unarmed Combat
  7549 | Abyss:1  | Noticed a cacodemon
  7549 | Abyss:1  | Noticed a sixfirhy
  7551 | Abyss:1  | Noticed a sixfirhy
  7553 | Abyss:1  | XOM: potion effect (might)
  7554 | Abyss:1  | Reached XP level 12. HP: 51/88 MP: 11/11
  7555 | Abyss:1  | XOM: enchant monster (good)
  7558 | Abyss:1  | Gained mutation: You are clumsy. (Dex -2) [a cacodemon]
  7558 | Abyss:1  | HP: 2/132 [sixfirhy[a cacodemon] (11)]
  7559 | Abyss:1  | Mangled by a cacodemon

Illustrated notes

Levels and vault maps discovered:
D:1:      heliophobic_arrival_enchanted_forest, layout_loops_ring,
          nicolae_grassy_gnolls
D:2:      layout_basic, basic_altar
D:3:      minmay_wonky_spiral, layout_rooms, minmay_gold_behind_fungi,
          feat_on_display
D:4:      cheibrodos_fertilizer, layout_rooms, uniq_grinder, uniq_edmund
D:5:      layout_basic
D:6:      layout_basic, minmay_temple_entry_slanted
D:7:      layout_rooms
D:8:      layout_rooms, due_lair_maze_entry_diamond
Lair:1:   layout_gridlike, grunt_megastairs_5
Lair:2:   layout_big_grid, minmay_swamp_entry_worms, guppyfry_snake_entry_island
Lair:3:   layout_cave_shapes, gammafunk_ghost_abyssal_escape,
          serial_bayou_shore_a
Abyss:1:  base:
D:10

Skill      XL: |  1  2  3  4  5  6  7  8  9 10 11 |
---------------+----------------------------------+-----
Dodging        | 2 3 4 6 8 9 |  9.2
Fighting       | 3 4 5 |  5.4
Unarmed Combat | 4 5 6 7 10 11 13 15 | 15.1
Evocations     | 1 2 |  2.8

Action                   |  1- 3 |  4- 6 |  7- 9 | 10-12 || total
-------------------------+-------+-------+-------+-------++-------
Melee: Unarmed           |    72 |    75 |   320 |   234 ||   701
       Punch             |     2 |       |    10 |       ||    12
       Headbutt          |       |     9 |    44 |    36 ||    89
Evoke: Piece from Xom's  |       |     8 |    12 |     3 ||    23
       Wand              |       |       |       |     4 ||     4
  Use: Scroll            |       |     9 |    15 |     2 ||    26
       Potion            |       |       |     1 |    12 ||    13
 Stab: Sleeping          |     1 |     1 |     2 |       ||     4
       Petrified         |       |     3 |     1 |     3 ||     7
       Confused          |       |     1 |       |     1 ||     2
       Petrifying        |       |       |     2 |       ||     2
       Paralysed         |       |       |     1 |     5 ||     6
       Distracted        |       |       |       |     1 ||     1
Armor: Robe              |    28 |    37 |   206 |   102 ||   373
       Skin              |       |       |    27 |    12 ||    39
Dodge: Dodged            |    43 |    47 |   190 |   136 ||   416
